 Dungeon Crawl Stone Soup version 0.22-a0-280-g69bf1f3 (webtiles) character file.

1729 puppykicker the Carver (level 9, -4/64 HPs)
             Began as a Formicid Fighter on Mar 16, 2018.
             Was an Initiate of Wu Jian.
             Slain by an orc warrior
             ... wielding a +0 halberd
              (20 damage)
             ... on level 6 of the Dungeon.
             The game lasted 00:17:13 (6053 turns).

puppykicker the Carver (Formicid Fighter)           Turns: 6053, Time: 00:17:14

Health: -4/64      AC: 17    Str: 22    XL:     9   Next: 25%
Magic:  10/10      EV:  7    Int: 10    God:    Wu Jian [......]
Gold:   312        SH: 10    Dex: 10    Spells: 8/8 levels left

rFire    . . .     SeeInvis +   a - +0 long sword
rCold    . . .     Gourm    +   c - +0 shield
rNeg     . . .     Faith    .   o - +0 plate armour
rPois    .         Spirit   .   (helmet unavailable)
rElec    .         Reflect  .   k - +2 cloak
rCorr    .         Harm     .   (no gloves)
MR       .....                  n - +0 pair of boots
Stlth    ..........             q - amulet of the gourmand
HPRegen  0.20/turn              e - +2 ring of slaying
MPRegen  0.12/turn              D - +2 ring of evasion

@: no status effects
A: permanent stasis, dig shafts and tunnels, four strong arms, antennae 3
a: Dig, Shaft Self, Renounce Religion


You were on level 6 of the Dungeon.
You worshipped Wu Jian.
Wu Jian was noncommittal.
You were completely stuffed.

You visited 1 branch of the dungeon, and saw 8 of its levels.

You collected 312 gold pieces.


Innate Abilities, Weirdness & Mutations

You cannot be hasted, slowed, berserked, paralysed or teleported.
You can dig through walls and to a lower floor.
Your four strong arms can wield two-handed weapons with a shield.
You have a pair of large antennae on your head. (SInv)


   Skills:
 + Level 3.5 Fighting
 * Level 9.2 Long Blades
 + Level 5.9 Armour
 + Level 6.4 Shields
 - Level 1.8 Evocations


You had 8 spell levels left.
You didn't know any spells.

Inventory:

Hand Weapons
 a - a +0 long sword (weapon)
 b - a +0 hunting sling
 w - a +2 falchion of holy wrath
Missiles
 l - 80 bolts
 s - 58 sling bullets
Armour
 c - a +0 shield (worn)
 k - a +2 cloak (worn)
 n - a +0 pair of boots (worn)
 o - a +0 plate armour (worn)
Jewellery
 e - a +2 ring of slaying (left hand)
 g - an uncursed ring of positive energy
 p - an uncursed amulet of guardian spirit
 q - an amulet of the gourmand (around neck)
 A - an uncursed ring of protection from fire
 D - a +2 ring of evasion (right hand)
Wands
 y - a wand of polymorph (4)
Scrolls
 i - a scroll of immolation {unknown}
 j - a scroll of fog
 r - 2 scrolls of remove curse
 x - 2 scrolls of amnesia
Potions
 d - 2 potions of might
 m - 3 potions of heal wounds
 t - a potion of invisibility
 u - a potion of cancellation
 v - a potion of mutation {!q}
 z - a potion of flight
 C - a potion of curing
 E - a potion of lignification {!q}
Comestibles
 f - 17 rations

Dungeon Overview and Level Annotations

Branches:
Dungeon (8/15)
 Temple: D:4-7         Lair: D:8-11

Altars:
Ashenzari
Nemelex Xobeh
Okawaru
Wu Jian
Yredelemnul
The Shining One

#.#.###.# #.#.# #...#
#.########.#.#
###.###............#
##<..#########.###
##...)..........#
#.##.####.#.##.# ###
#.# #..#.##.##.# #..
#.# #.[###.##.# #.#
#.# #.@#...#.# #.#
#.# #.o......# #.#
#.# #.#.o..### #.#
#.# .......###### #.#
#.#####.###......#
###
#............###.####
#######.####.# #....#
{ #.# #.###.#### #.#
#.....#


You could see an orc warrior and an orc.


Message History

You block the orc's attack.
The orc warrior hits you but does no damage.
You closely miss the orc warrior.
The orc warrior is almost dead.
The orc hits you but does no damage. You block the orc warrior's attack.
Your plate armour prevents you from hitting the orc warrior.
The orc warrior is almost dead.
You barely miss the orc warrior.
The orc warrior is almost dead.
The orc hits you with an enchanted flail.
* * * LOW HITPOINT WARNING * * *
You block the orc warrior's attack.
You hit the orc warrior but do no damage.
The orc warrior is almost dead.
The orc hits you with an enchanted flail.
* * * LOW HITPOINT WARNING * * *
You block the orc warrior's attack.
You closely miss the orc warrior.
The orc warrior is almost dead.
The orc hits you with an enchanted flail.
* * * LOW HITPOINT WARNING * * *
The orc warrior hits you with a halberd.
* * * LOW HITPOINT WARNING * * *
You closely miss the orc warrior.
The orc warrior is almost dead.
The orc hits you but does no damage.
The orc warrior hits you but does no damage.
Unknown command.
The orc warrior hits you from afar with a halberd!!
You die...

Action                   |  1- 3 |  4- 6 |  7- 9 || total
-------------------------+-------+-------+-------++-------
Melee: Long sword        |    84 |   184 |   287 ||   555
       Unarmed           |       |       |     5 ||     5
 Fire: Hunting sling     |       |       |     6 ||     6
Invok: Lunge             |       |       |     1 ||     1
 Abil: Dig               |       |       |     5 ||     5
       Shaft Self        |       |       |     1 ||     1
Evoke: Wand              |       |     3 |    23 ||    26
  Use: Potion            |       |     4 |       ||     4
       Scroll            |       |     4 |     6 ||    10
  Eat: Chunk             |       |    19 |    21 ||    40
Armor: Scale mail        |    33 |     3 |       ||    36
       Plate armour      |       |    81 |   122 ||   203
Dodge: Dodged            |    30 |    35 |    44 ||   109
Block: Shield            |    41 |    93 |   119 ||   253
       Rpst.: Long sword |     8 |    12 |    10 ||    30

Vault maps used:
D:1:      dpeg_arrival_short_road, minmay_quantized
D:2:      st_stairs_11, uniq_crazy_yiuf_cottage
D:4:      minmay_misc_feat_doors
D:5:      nicolae_overflow_quartered_altars, first_ration, chequers_big_river,
          st_stairs_10
D:6:      grunt_temple_overflow_lords_of_destruction, basic_altar,
          okawaru_gym_becter, uniq_blork_the_orc
D:7:      temple_fountains, serial_shops, shop_fountains
D:8:      zin_academy, grunt_pizzeria, lemuel_statue_altar, uniq_maurice

Notes
Turn   | Place    | Note
-------+----------+-------------------------------------------
     0 | D:1      | puppykicker the Formicid Fighter began the quest for the Orb.
     0 | D:1      | Reached XP level 1. HP: 18/18 MP: 1/1
    54 | D:1      | Reached XP level 2. HP: 24/24 MP: 2/2
   121 | D:1      | Reached skill level 3 in Long Blades
   294 | D:1      | Reached XP level 3. HP: 29/29 MP: 3/3
   806 | D:2      | Noticed an ogre
   810 | D:2      | Reached skill level 4 in Long Blades
   810 | D:2      | Reached XP level 4. HP: 32/35 MP: 4/4
   823 | D:2      | Killed an ogre
   823 | D:2      | Reached skill level 5 in Long Blades
   823 | D:2      | Reached XP level 5. HP: 30/41 MP: 5/5
  1047 | D:2      | Found a runed door.
  1293 | D:2      | Noticed Crazy Yiuf
  1315 | D:2      | Killed Crazy Yiuf
  1913 | D:3      | Reached XP level 6. HP: 47/47 MP: 6/6
  2599 | D:4      | Reached skill level 6 in Long Blades
  3069 | D:5      | Entered Level 5 of the Dungeon
  3083 | D:5      | Found a glowing golden altar of the Shining One.
  3084 | D:5      | Found a basalt altar of Yredelemnul.
  3084 | D:5      | Found a shattered altar of Ashenzari.
  3111 | D:5      | Found an ornate altar of the Wu Jian Council.
  3194 | D:5      | Reached XP level 7. HP: 46/52 MP: 5/7
  3210 | D:5      | Reached skill level 7 in Long Blades
  3435 | D:5      | Reached skill level 8 in Long Blades
  3788 | D:5      | Reached skill level 4 in Shields
  3788 | D:5      | Reached skill level 1 in Evocations
  3788 | D:5      | Reached XP level 8. HP: 52/58 MP: 8/8
  3997 | D:5      | Reached skill level 4 in Armour
  4890 | D:6      | Reached skill level 5 in Shields
  5040 | D:6      | Reached skill level 5 in Armour
  5068 | D:6      | Reached XP level 9. HP: 44/64 MP: 10/10
  5300 | D:6      | You fall through a shaft for 2 floors!
  5559 | D:8      | Reached skill level 9 in Long Blades
  5559 | D:8      | Reached skill level 6 in Shields
  5605 | D:6      | Noticed Blork the orc
  5613 | D:6      | Killed Blork the orc
  5693 | D:6      | Found an iron altar of Okawaru.
  5703 | D:6      | Found a sparkling altar of Nemelex Xobeh.
  5930 | D:5      | Became a worshipper of the Wu Jian Council
  6053 | D:6      | Slain by an orc warrior

Vanquished Creatures
  An ice beast (D:6)
  A sky beast (D:6)
  4 ogres
  A centaur (D:5)
  Blork the orc (D:6)
  A bullfrog (D:6)
  A gnoll sergeant (D:6)
  A water moccasin skeleton (D:5)
  2 scorpions
  A howler monkey (D:4)
  3 crimson imps (D:5)
  2 jellies (D:5)
  2 orc priests (D:6)
  Crazy Yiuf (D:2)
  6 orc wizards
  2 worker ants (D:6)
  A worker ant zombie (D:6)
  11 gnolls
  3 adders
  A shadow imp (D:5)
  An adder skeleton (D:6)
  A worm (D:3)
  A dart slug (D:5)
  6 leopard geckos
  11 orcs
  5 bats
  5 giant cockroaches
  7 goblins (D:1)
  5 hobgoblins
  23 jackals
  A quokka (D:2)
  A ball python (D:3)
  6 frilled lizards
  11 kobolds (D:1)
  A leopard gecko skeleton (D:4)
  7 rats
138 creatures vanquished.

Vanquished Creatures (others)
  A plant (D:5)
1 creature vanquished.

Grand Total: 139 creatures vanquished
